 Dungeon Crawl Stone Soup version 0.24.1-1-gd1d2a07e1b (webtiles) character file.

Game seed: 10650638172745372008, levelgen mode: deterministic

8800 Destapler the Basher (level 11, 0/79 HPs)
             Began as a Demonspawn Chaos Knight on Apr 8, 2020.
             Was a Plaything of Xom.
             Slain by a large abomination (17 damage)
             ... in a Gauntlet.
             The game lasted 00:25:30 (8812 turns).

Destapler the Basher (Demonspawn Chaos Knight)      Turns: 8812, Time: 00:25:30

Health: 0/79       AC: 19    Str: 19 (20) XL:     11   Next: 14%
Magic:  11/11      EV:  7    Int: 13      God:    Xom [.....*]
Gold:   1545       SH:  0    Dex: 12      Spells: 10/10 levels left

rFire    . . .     SeeInvis .   u - +6 battleaxe (freeze)
rCold    + . .     Gourm    .   (shield currently unavailable)
rNeg     . . .     Faith    .   p - +3 plate armour {rC+}
rPois    +         Spirit   .   (helmet restricted)
rElec    .         Reflect  .   f - +0 cloak
rCorr    .         Harm     .   U - +2 pair of gloves
MR       .....     NoTele   +   l - +1 pair of boots
Stlth    ..........             o - amulet of magic regeneration
HPRegen  0.23/turn              B - ring of poison resistance
MPRegen  0.37/turn              T - +3 ring of strength

@: no status effects
A: antennae 2, slimy green scales 2, blurry vision 1, deformed body,
deterioration 1, spiny 2, MP-powered wands
a: Renounce Religion


You were in a Gauntlet.
You worshipped Xom.
You were Xom's teddy bear.
You were near starving.

You visited 2 branches of the dungeon, and saw 11 of its levels.
You also visited: Ossuary and Gauntlet.

You collected 1589 gold pieces.
You spent 44 gold pieces at shops.

Inventory:

Hand Weapons
 u - a +6 battleaxe of freezing (weapon)
 z - a +3 flail
 D - a +1 executioner's axe of chaos
Missiles
 s - 21 boomerangs (quivered)
 w - 5 poisoned darts
 G - 7 curare-tipped darts
Armour
 b - a +2 leather armour
 f - a +0 cloak (worn)
 l - a +1 pair of boots (worn)
 p - a +3 plate armour of cold resistance (worn)
 y - a +0 troll leather armour {Purgy}
 H - a +1 pair of gloves of dexterity
 U - a +2 pair of gloves (worn)
Magical Staves
 q - an uncursed staff of summoning
Jewellery
 o - an amulet of magic regeneration (around neck)
 B - a ring of poison resistance (left hand)
 I - an uncursed ring of flight
 K - an uncursed ring of stealth
 M - a +5 ring of intelligence
 R - an uncursed ring of protection from cold
 T - a +3 ring of strength (right hand)
Wands
 v - a wand of iceblast (9)
 J - a wand of acid (16)
 L - a wand of digging (5)
 P - a wand of flame (24)
 V - a wand of random effects (20)
 W - a wand of clouds (8)
Scrolls
 e - 3 scrolls of fog
 g - 6 scrolls of remove curse
 i - 2 scrolls of amnesia
 k - 2 scrolls of blinking
 n - 7 scrolls of teleportation
 r - a scroll of enchant weapon
 t - 3 scrolls of noise
 x - 5 scrolls of identify
 O - a scroll of magic mapping
 X - a scroll of fear {unknown}
Potions
 a - a potion of resistance
 d - a potion of berserk rage
 h - 2 potions of haste
 j - a potion of invisibility
 m - 6 potions of heal wounds
 A - 2 potions of lignification
 C - 2 potions of mutation
 E - 2 potions of brilliance
 F - 2 potions of ambrosia
 N - 2 potions of curing
 Q - a potion of might {unknown}
 S - 2 potions of degeneration {unknown}
Comestibles
 c - 25 rations


   Skills:
 - Level 5.1 Fighting
 + Level 12.8 Maces & Flails
 - Level 5.0 Throwing
 - Level 5.0 Armour
 - Level 5.0 Dodging


You had 10 spell levels left.
You didn't know any spells.
Your spell library contained the following spells:

 Spells                   Type           Power        Failure   Level  Hunger
 Beastly Appendage        Tmut           #.....       100%        1    ##.....
 Magic Dart               Conj           #...         100%        1    ##.....
 Summon Small Mammal      Summ           #...         100%        1    ##.....
 Blink                    Tloc           N/A          100%        2    ###....
 Call Imp                 Summ           #.......     100%        2    ###....
 Slow                     Hex            #.......     100%        2    ###....
 Sticks to Snakes         Tmut           #.......     100%        2    ###....
 Call Canine Familiar     Summ           #.......     100%        3    ####...
 Conjure Flame            Conj/Fire      #.......     100%        3    ####...
 Mephitic Cloud           Conj/Pois/Air  #.......     100%        3    ####...
 Spider Form              Tmut/Pois      #.........   100%        3    ####...
 Summon Guardian Golem    Hex/Summ       #.......     100%        3    ####...
 Ice Form                 Ice/Tmut       #.......     100%        4    #####..
 Summon Ice Beast         Ice/Summ       #.......     100%        4    #####..
 Summon Lightning Spire   Summ/Air       #.......     100%        4    #####..
 Blade Hands              Tmut           #.........   100%        5    ######.


Dungeon Overview and Level Annotations

Branches:
Dungeon (10/15)            Temple (0/1) D:4            Lair (1/6) D:9
Ossuary (visited)         Gauntlet (1/1)
    Orc: D:9-12

Altars:
Ashenzari
Cheibriados
Dithmenos
Fedhas
Kikubaaqudgha
Qazlal
Ru
Sif Muna
Uskayaw
Vehumet
The Shining One

Shops:
D:8 *   D:9 %

Annotations:
Gauntlet 7 transporters


Innate Abilities, Weirdness & Mutations

You have a pair of antennae on your head.
You are mostly covered in slimy green scales. (AC +3)
You are mostly covered in sharp spines.
Scrolls take you a little longer to read.
Armour fits poorly on your strangely shaped body.
Your body sometimes deteriorates upon taking damage.
You expend magic power (3 MP) to strengthen your wands.


Message History

The large abomination completely misses you.
Your plate armour prevents you from hitting the large abomination.
The large abomination is severely damaged.
The large abomination hits you!
* * * LOW HITPOINT WARNING * * *
Your body deteriorates!
You feel weakened.
You slash the large abomination! You freeze the large abomination.
The large abomination is almost destroyed.
The large abomination hits you but does no damage.
You slash the large abomination! You freeze the large abomination.
You destroy the large abomination!
You slash the large abomination! You freeze the large abomination.
The large abomination is moderately damaged.
The large abomination hits you.
* * * LOW HITPOINT WARNING * * *
You completely miss the large abomination.
The large abomination is moderately damaged.
The large abomination hits you!
You die...
Xom guffaws!

.#...#.#..###########..§#
...©??.#......#©#......##
########......#©#......≈#
..#©#.....###########..##
..#©#.....#.........#..≈#
########..#.#.....#.#..##
b#hh...#..#..#####..#..≈#
b#..##.#..#..##.##..#..##
h.##..##..#....©@XX.#..≈#
#..©..##..#..##.##..#.§##
#..##..#..#..#####..#.§§#
.##$.#b#..#.#...X.#.#.§##
..$©[#h#..#...:©)=..#..≈#
########..###########..##
........∩..............≈#
..................§.§..##
≈#≈#§########≈#≈#≈#≈#§##


You could see 2 large abominations.

Vanquished Creatures
  A fire crab (Gauntlet)
  A glowing orange brain (D:9)
  The ghost of ezni the Arsonist, a novice HuFE of Vehumet (D:7)
  A spiny frog (Lair:1)
  3 hornets
  Grinder (D:6)
  2 hippogriffs
  A large abomination (Gauntlet)
  2 wyverns
  Sigmund (D:6)
  A wraith (D:10)
  3 yaks (D:9)
  2 fire bats (Gauntlet)
  Edmund (D:6)
  4 small abominations (Gauntlet)
  Duvessa (D:6)
  A water moccasin (D:9)
  2 black bears (D:8)
  3 phantoms
  Purgy (D:3)
  2 ice beasts
  3 sky beasts
  2 necrophages
  2 ogres
  A centaur (D:7)
  A crocodile (Lair:1)
  Blork the orc (D:5)
  A big kobold (D:8)
  5 bullfrogs
  A wyvern zombie (D:6)
  Dowan (D:6)
  2 scorpions
  A killer bee (D:5)
  3 wights (D:6)
  2 howler monkeys (D:10)
  3 crimson imps
  A bullfrog zombie (D:7)
  A human zombie (Ossuary)
  A quasit (D:9)
  2 centaur zombies (Ossuary)
  3 orc priests
  A bullfrog skeleton (D:6)
  2 hounds
  3 jellies
  Crazy Yiuf (D:2)
  An iguana (D:5)
  2 orc wizards (D:10)
  7 worker ants
  2 mummies (Ossuary)
  A worker ant zombie (D:5)
  3 gnolls (D:3)
  14 adders
  An ooze (D:6)
  2 adder zombies (Ossuary)
  A dart slug (D:3)
  8 leopard geckos
  28 orcs
  3 ball pythons
  2 giant cockroaches
  6 goblins
  6 hobgoblins
  10 jackals
  5 kobolds
  6 quokkas
  9 bats
  3 frilled lizards (D:2)
  6 hobgoblin zombies (Ossuary)
  5 jackal zombies (Ossuary)
  9 kobold zombies (Ossuary)
  A leopard gecko skeleton (D:8)
  10 orc zombies (Ossuary)
  A quokka skeleton (D:9)
  14 rats
  2 rat zombies (Ossuary)
  2 plants
249 creatures vanquished.

Vanquished Creatures (others)
  3 yaks (D:9)
  An adder (D:2)
  2 fungi (Gauntlet)
  5 plants (Gauntlet)
11 creatures vanquished.

Grand Total: 260 creatures vanquished

Notes
Turn   | Place    | Note
-------+----------+-------------------------------------------
     0 | D:1      | Destapler the Demonspawn Chaos Knight began the quest for
                  | the Orb.
     0 | D:1      | Reached XP level 1. HP: 18/18 MP: 1/1
    80 | D:1      | Reached skill level 1 in Dodging
   260 | D:1      | XOM: harmless Necr miscast
   376 | D:1      | Gained mutation: You are partially covered in sharp spines.
                  | [demonic ancestry]
   376 | D:1      | Reached XP level 2. HP: 24/24 MP: 2/2
   686 | D:1      | XOM: harmless Tmut miscast
   896 | D:2      | XOM: smoke on damage
   985 | D:2      | Reached XP level 3. HP: 28/29 MP: 3/3
  1077 | D:2      | Reached skill level 3 in Maces & Flails
  1167 | D:2      | XOM: noise
  1191 | D:2      | Found a runed translucent door.
  1192 | D:2      | Noticed Crazy Yiuf
  1280 | D:2      | Reached skill level 1 in Throwing
  1374 | D:2      | XOM: divination: detect creatures
  1557 | D:2      | XOM: confuse monster(s)
  1560 | D:2      | Killed Crazy Yiuf
  1560 | D:2      | Reached XP level 4. HP: 8/35 MP: 4/4
  1927 | D:3      | XOM: potion effect (heal wounds)
  1995 | D:3      | Gained mutation: You have a pair of small antennae on your
                  | head. [demonic ancestry]
  1995 | D:3      | Reached XP level 5. HP: 40/42 MP: 5/5
  2562 | D:4      | Noticed Purgy
  2635 | D:3      | Killed Purgy
  2635 | D:3      | Gained mutation: You are mostly covered in sharp spines.
                  | [demonic ancestry]
  2635 | D:3      | Reached XP level 6. HP: 35/48 MP: 6/6
  2893 | D:4      | Found a staircase to the Ecumenical Temple.
  3084 | D:4      | Noticed a wyvern
  3089 | D:4      | Killed a wyvern
  3089 | D:4      | Reached skill level 4 in Maces & Flails
  3178 | D:4      | Gained mutation: You are partially covered in slimy green
                  | scales. (AC +2) [demonic ancestry]
  3178 | D:4      | Reached XP level 7. HP: 55/55 MP: 7/7
  3281 | D:4      | XOM: give mutations
  3281 | D:4      | Gained mutation: Your muscles are strong. (Str +2) [Xom's
                  | grace]
  3281 | D:4      | Gained mutation: You expend magic power (3 MP) to
                  | strengthen your wands. [Xom's grace]
  3652 | D:5      | Entered Level 5 of the Dungeon
  3730 | D:5      | XOM: cleaving
  3731 | D:5      | XOM: fog
  3826 | D:5      | XOM: god gift: glowing executioner's axe {god gift}
  3942 | D:5      | XOM: 8-stop teleportation journey
  4025 | D:5      | Found a shattered altar of Ashenzari.
  4074 | D:5      | XOM: mild Hex miscast
  4093 | D:5      | Noticed Blork the orc
  4113 | D:5      | Killed Blork the orc
  4117 | D:5      | Found a shimmering blue altar of Sif Muna.
  4117 | D:5      | XOM: god gift: 7 curare-tipped darts
  4397 | D:6      | Noticed Grinder
  4400 | D:6      | Paralysed by Grinder for 5 turns
  4408 | D:6      | XOM: summons friendly crimson imp
  4418 | D:6      | Killed Grinder
  4418 | D:6      | Reached skill level 5 in Fighting
  4418 | D:6      | Reached XP level 8. HP: 12/62 MP: 8/8
  4535 | D:6      | Noticed Dowan
  4536 | D:6      | Noticed Duvessa
  4541 | D:6      | Killed Dowan
  4543 | D:6      | Killed Duvessa
  4636 | D:6      | XOM: cast spell 'Summon Small Mammal'
  4645 | D:6      | Reached skill level 5 in Maces & Flails
  4767 | D:6      | Got a bloodstained hand axe
  4795 | D:6      | Noticed Edmund
  4807 | D:6      | Killed Edmund
  4807 | D:6      | Reached skill level 5 in Armour
  4903 | D:6      | XOM: divination: detect items
  5052 | D:6      | Noticed Sigmund
  5063 | D:6      | Killed Sigmund
  5063 | D:6      | Reached skill level 5 in Dodging
  5179 | D:6      | XOM: confuse monster(s)
  5185 | D:6      | Gained mutation: You are mostly covered in slimy green
                  | scales. (AC +3) [demonic ancestry]
  5185 | D:6      | Reached XP level 9. HP: 68/68 MP: 9/9
  5338 | D:6      | XOM: god gift: scroll labeled OMAIGI MEALA {god gift}
  5339 | D:6      | Reached skill level 5 in Throwing
  5411 | D:7      | Found a sand-covered staircase.
  5423 | Ossuary  | Entered an ossuary
  5468 | Ossuary  | Reached skill level 6 in Maces & Flails
  5521 | Ossuary  | XOM: cleaving
  5928 | D:7      | XOM: divination: detect creatures
  5950 | D:7      | Reached skill level 7 in Maces & Flails
  6012 | D:7      | XOM: divination: detect items
  6023 | D:7      | XOM: 2-stop teleportation journey
  6032 | D:7      | Found a runed translucent door.
  6036 | D:7      | Noticed ezni's ghost (novice HuFE)
  6039 | D:7      | XOM: cleaving
  6049 | D:7      | Killed ezni's ghost
  6049 | D:7      | Reached skill level 8 in Maces & Flails
  6174 | D:7      | Found a shattered altar of Ashenzari.
  6176 | D:7      | Found a shadowy altar of Dithmenos.
  6180 | D:7      | Found a blossoming altar of Fedhas.
  6181 | D:7      | Found a sacrificial altar of Ru.
  6185 | D:7      | Found a hide-covered altar of Uskayaw.
  6221 | D:7      | Found a radiant altar of Vehumet.
  6354 | D:8      | Found Tukau's General Store.
  6363 | D:8      | XOM: medium Erth miscast
  6370 | D:8      | Bought 2 scrolls of identify for 44 gold pieces
  6388 | D:8      | Found an ancient bone altar of Kikubaaqudgha.
  6486 | D:8      | XOM: destruction
  6487 | D:8      | XOM: divination: detect items
  6493 | D:8      | Reached skill level 9 in Maces & Flails
  6497 | D:8      | XOM: summons 9 friendly demons
  6501 | D:8      | XOM: smoke on damage
  6565 | D:8      | Found a snail-covered altar of Cheibriados.
  6590 | D:8      | Gained mutation: You have a pair of antennae on your head.
                  | [demonic ancestry]
  6590 | D:8      | Reached XP level 10. HP: 74/74 MP: 10/10
  6599 | D:8      | Found a glowing golden altar of the Shining One.
  6647 | D:8      | XOM: 5-stop teleportation journey
  6860 | D:8      | Identified a scroll of acquirement
  7000 | D:9      | XOM: god gift: 830 gold pieces
  7021 | D:9      | Reached skill level 10 in Maces & Flails
  7027 | D:9      | XOM: divine lightning
  7029 | D:9      | Noticed Harold
  7031 | D:9      | XOM: potion effect (invisibility)
  7045 | D:9      | Noticed Harold
  7045 | D:9      | Harold changed into Harold the glowing orange brain
  7045 | D:9      | XOM: polymorph Harold -> Harold the glowing orange brain
  7047 | D:9      | Killed Harold the glowing orange brain
  7047 | D:9      | Reached skill level 11 in Maces & Flails
  7122 | D:9      | XOM: harmless Tmut miscast
  7233 | D:9      | XOM: 4-stop teleportation journey
  7382 | D:9      | Found a staircase to the Lair.
  7413 | D:9      | Found Haroef's Food Boutique.
  7483 | D:9      | XOM: harmless Fire miscast
  7484 | D:9      | Found a stormy altar of Qazlal.
  7512 | D:9      | XOM: cast spell 'Summon Hydra'
  7844 | D:10     | Entered Level 10 of the Dungeon
  7916 | D:10     | XOM: summons friendly shadow imp
  8055 | D:10     | XOM: cloud trail
  8070 | D:10     | XOM is BORED!
  8070 | D:10     | XOM: give mutations
  8070 | D:10     | Gained mutation: Your body sometimes deteriorates upon
                  | taking damage. [Xom's mischief]
  8070 | D:10     | Gained mutation: Scrolls take you a little longer to read.
                  | [Xom's mischief]
  8070 | D:10     | Lost mutation: Your muscles are strong. (Str +2) [Xom's
                  | mischief]
  8070 | D:10     | Gained mutation: Armour fits poorly on your strangely
                  | shaped body. [Xom's mischief]
  8241 | Lair:1   | Entered Level 1 of the Lair of Beasts
  8241 | Lair:1   | Noticed a spiny frog
  8246 | Lair:1   | Reached skill level 12 in Maces & Flails
  8252 | Lair:1   | Killed a spiny frog
  8293 | Lair:1   | Found a gate leading to a gauntlet.
  8392 | Gauntlet | Entered a Gauntlet
  8392 | Gauntlet | Found a transporter.
  8392 | Gauntlet | Found a transporter.
  8392 | Gauntlet | Found a transporter.
  8392 | Gauntlet | Noticed a smoke demon
  8392 | Gauntlet | Noticed a fire crab
  8393 | Gauntlet | Found a transporter.
  8395 | Gauntlet | Found a transporter.
  8397 | Gauntlet | Found a transporter.
  8403 | Gauntlet | Found a transporter.
  8405 | Gauntlet | Found a transporter.
  8406 | Gauntlet | Found a transporter.
  8408 | Gauntlet | Found a transporter.
  8415 | Gauntlet | Noticed a hell hog
  8416 | Gauntlet | Found a transporter.
  8417 | Gauntlet | Found a transporter.
  8633 | Gauntlet | Killed a fire crab
  8633 | Gauntlet | Reached XP level 11. HP: 79/79 MP: 11/11
  8654 | Gauntlet | XOM: smoke on damage
  8784 | Gauntlet | XOM: harmless Hex miscast
  8812 | Gauntlet | Slain by a large abomination

Levels and vault maps discovered:
D:1:      sevenhm_arrival_forest_fort_large_1, layout_basic
D:2:      layout_loops_ring, uniq_crazy_yiuf_cottage
D:3:      layout_basic
D:4:      layout_loops_ring, minmay_temple_entry_glassed_door, serial_rivers,
          chequers_serial_rivers_room_a, chequers_serial_rivers_large_b,
          chequers_serial_rivers_large_a, chequers_serial_rivers_small_b,
          chequers_serial_rivers_marsh, uniq_purgy
D:5:      kennysheep_six_static_rooms, layout_basic, tgw_sif, first_ration,
          minmay_ruined_shrine
D:6:      layout_basic, uniq_duvessa, uniq_edmund, uniq_grinder, uniq_sigmund
D:7:      layout_basic, kennysheep_mini, minitemple,
          ebering_ghost_reflecting_pool, enter_ossuary_1
D:8:      layout_rooms, overflow_temple_1_default, serial_shops, shop,
          blue_anna_alchemist [blue_anna_fruit_fields, blue_anna_fruit_fields],
          hangedman_feature_mirror, kb_rosetta
D:9:      layout_loops_corners, nicolae_qazlal_eye_of_the_storm,
          lair_entry_dummy, serial_shops, kennysheep_mini_moat, uniq_harold
D:10:     layout_rooms
Lair:1:   layout_small_grid, gauntlet_entry_generic
Gauntlet: minmay_gauntlet_mixed_big_or_small [gammafunk_gauntlet_arena_hedges,
          minmay_gauntlet_arena_77_tiled_triplets,
          gammafunk_gauntlet_arena_corners,
          minmay_gauntlet_arena_77_broken_ladder, nicolae_gauntlet_arena_blocks,
          minmay_gauntlet_arena_77_squiggly,
          nicolae_gauntlet_exit_dead_adventurers]

Skill      XL: |  1  2  3  4  5  6  7  8  9 10 |
---------------+-------------------------------+-----
Dodging        | 1 2 3 5 |  5.0
Armour         | 2 3 4 5 |  5.0
Maces & Flails | 3 4 5 9 12 | 12.8
Throwing       | 1 2 3 4 5 |  5.0
Fighting       | 4 5 |  5.1

Action                   |  1- 3 |  4- 6 |  7- 9 | 10-12 || total
-------------------------+-------+-------+-------+-------++-------
Melee: Mace              |    67 |       |       |       ||    67
       Quarterstaff      |       |    59 |       |       ||    59
       Flail             |       |    22 |    16 |       ||    38
       Executioner's axe |       |       |    89 |       ||    89
       Battleaxe         |       |       |   106 |   127 ||   233
Throw: Boomerang         |       |     3 |     3 |       ||     6
       Dart              |       |     2 |    11 |       ||    13
  Use: Potion            |       |     1 |       |     1 ||     2
       Scroll            |       |       |    14 |     6 ||    20
 Stab: Sleeping          |       |     1 |       |       ||     1
       Confused          |       |       |     2 |       ||     2
  Eat: Chunk             |     2 |     5 |    12 |     5 ||    24
Armor: Leather armour    |    26 |    19 |       |       ||    45
       Troll leather arm |       |     3 |    73 |     2 ||    78
       Plate armour      |       |       |       |    80 ||    80
Dodge: Dodged            |    44 |    71 |   153 |    57 ||   325
